[Event "DLM Youth 2024"]
[Site "Tuebingen"]
[Date "2024.10.03"]
[Round "1"]
[White "Bursan, Ana-Maria"]
[Black "Wang, Enya Marie"]
[Result "0-1"]
[ECO "C25"]
[WhiteElo "1769"]
[BlackElo "1613"]
[Annotator "NA RC"]
[PlyCount "78"]
[EventDate "2024.10.03"]
[EventType "team-swiss"]
[EventRounds "7"]
[EventCountry "GER"]
[SourceTitle "playchess.com"]
[Source "ChessBase"]
[SourceQuality "1"]
[TimeControl "40/5400+30:1800+30"]

1. e4 e5 2. Nc3 Nc6 3. f4 exf4 4. Nf3 g5 5. g3 g4 6. Nh4 Nd4 7. Nd5 f3 8. c3 Ne6 9. Nf5 Ng7 10. h3 Nxf5 11. exf5 Bd6 12. Qa4 Bxg3+ 13. Kd1 Nf6 14. Nxf6+ Qxf6 15. hxg4 Qe5 16. Kc2 b6 17. Rg1 Bb7 18. d4 Qe4+ 19. Bd3 Qxg4 20. Be3 Be4 21. Rxg3 Bxd3+ 22. Kxd3 Qxg3 23. Rg1 Qh3 24. Qb5 O-O-O 25. Kc4 d5+ 26. Kb3 Qxf5 27. Qc6 Kb8 28. Bg5 Rd6 29. Qb5 Rg8 30. Be7 Rxg1 31. Bxd6 cxd6 32. Qe8+ Qc8 33. Qxf7 Qc4+ 34. Ka3 Rg2 35. Qxf3 Qa6+ 36. Kb3 Qb5+ 37. Ka3 Qxb2+ 38. Ka4 Qxa2+ 39. Kb5 Qc4# 0-1

[Event "DLM Youth 2024"]
[Site "Tuebingen"]
[Date "2024.10.03"]
[Round "1"]
[White "Goepfert, Gregor"]
[Black "Peglau, Paul David"]
[Result "0-1"]
[ECO "B44"]
[WhiteElo "1759"]
[BlackElo "1943"]
[Annotator "RC"]
[PlyCount "86"]
[EventDate "2024.10.03"]
[EventType "team-swiss"]
[EventRounds "7"]
[EventCountry "GER"]
[SourceTitle "playchess.com"]
[Source "ChessBase"]
[SourceQuality "1"]
[TimeControl "40/5400+30:1800+30"]

1. e4 c5 2. Nf3 e6 3. c4 Nc6 4. Nc3 Nf6 5. d4 cxd4 6. Nxd4 Bb4 7. Nxc6 dxc6 8. Qxd8+ Kxd8 9. Bd2 e5 10. Bd3 Be6 11. a3 Bd6 12. b4 Ke7 13. Ke2 Rhd8 14. f3 Rd7 15. Be3 Bc7 16. Rhd1 Bb6 17. c5 Bc7 18. a4 Rad8 19. Rd2 Rxd3 20. Rxd3 Bc4 21. Rad1 Nh5 22. g3 g6 23. Nb1 a5 24. Na3 Bxd3+ 25. Rxd3 axb4 26. Rxd8 Kxd8 27. Nc4 f5 28. Kd3 Kd7 29. Bg5 Ke6 30. Kc2 fxe4 31. fxe4 Nf6 32. Bxf6 Kxf6 33. Kb3 Kg5 34. h3 h5 35. Nd6 h4 36. g4 Kf4 37. Nxb7 Kxe4 38. a5 Kd4 39. Kxb4 e4 40. a6 e3 41. a7 e2 42. a8=Q e1=Q+ 43. Kb3 Qb1+ 0-1

[Event "DLM Youth 2024"]
[Site "Tuebingen"]
[Date "2024.10.03"]
[Round "1"]
[White "Tu, Audrey"]
[Black "Lu, Sheng"]
[Result "1-0"]
[ECO "C77"]
[WhiteElo "1722"]
[BlackElo "1559"]
[Annotator "NA RC"]
[PlyCount "47"]
[EventDate "2024.10.03"]
[EventType "team-swiss"]
[EventRounds "7"]
[EventCountry "GER"]
[SourceTitle "playchess.com"]
[Source "ChessBase"]
[SourceQuality "1"]
[TimeControl "40/5400+30:1800+30"]

1. e4 e5 2. Nf3 Nc6 3. Bb5 Nf6 4. d3 d6 5. c3 Be7 6. Nbd2 O-O 7. O-O a6 8. Ba4 b5 9. Bc2 b4 10. Re1 Re8 11. Nf1 Bf8 12. Ng3 bxc3 13. bxc3 Rb8 14. Bd2 Bg4 15. Ba4 Bd7 16. Rb1 Ne7 17. Bb3 Ng6 18. d4 exd4 19. cxd4 Bc6 20. Ng5 Re7 21. Qe2 h6 22. Nxf7 Rxf7 23. Bxf7+ Kxf7 24. Qc4+ 1-0

[Event "DLM Youth 2024"]
[Site "Tuebingen"]
[Date "2024.10.03"]
[Round "1"]
[White "Hoffmann, Sophia"]
[Black "Wilmink, Anna"]
[Result "0-1"]
[ECO "A80"]
[WhiteElo "1718"]
[BlackElo "1927"]
[Annotator "RC"]
[PlyCount "62"]
[EventDate "2024.10.03"]
[EventType "team-swiss"]
[EventRounds "7"]
[EventCountry "GER"]
[SourceTitle "playchess.com"]
[Source "ChessBase"]
[SourceQuality "1"]
[TimeControl "40/5400+30:1800+30"]

1. d4 f5 2. Bf4 e6 3. e3 Nf6 4. Nf3 b6 5. Nbd2 Bb7 6. Bc4 Be7 7. O-O O-O 8. Ng5 c5 9. e4 fxe4 10. Bxe6+ dxe6 11. Nxe6 Qd5 12. Nxf8 Bxf8 13. dxc5 e3 14. Nf3 exf2+ 15. Kh1 Bxc5 16. b4 Bxb4 17. Rxf2 Nbd7 18. Qf1 Ng4 19. Re2 Ba6 20. Rd1 Bxe2 21. Rxd5 Bxf1 22. Rxd7 Bb5 23. Rd5 Bc6 24. Rg5 Nf2+ 25. Kg1 Ne4 26. Rh5 Bc5+ 27. Kf1 Bb5+ 28. Ke1 Rd8 29. Nd2 Bf2+ 30. Kd1 Nc3+ 31. Kc1 Ne2+ 0-1

[Event "DLM Youth 2024"]
[Site "Tuebingen"]
[Date "2024.10.03"]
[Round "1"]
[White "Sun, Christopher"]
[Black "Li, Yunqi"]
[Result "0-1"]
[ECO "C01"]
[WhiteElo "1711"]
[BlackElo "2004"]
[Annotator "RC"]
[PlyCount "34"]
[EventDate "2024.10.03"]
[EventType "team-swiss"]
[EventRounds "7"]
[EventCountry "GER"]
[SourceTitle "playchess.com"]
[Source "ChessBase"]
[SourceQuality "1"]
[TimeControl "40/5400+30:1800+30"]

1. e4 e6 2. d4 d5 3. exd5 exd5 4. Nf3 Bd6 5. Bd3 Nc6 6. c3 Nge7 7. Bg5 Bg4 8. Nbd2 f6 9. Be3 Qd7 10. O-O O-O-O 11. b4 Rde8 12. a4 g5 13. Nb3 Nf5 14. b5 Nd8 15. Bd2 Nh4 16. Kh1 Bxf3 17. gxf3 Qh3 0-1

[Event "DLM Youth 2024"]
[Site "Tuebingen"]
[Date "2024.10.03"]
[Round "1"]
[White "Heidtkamp, Anna"]
[Black "Krannich, Eva"]
[Result "1-0"]
[ECO "B08"]
[WhiteElo "1704"]
[BlackElo "1582"]
[Annotator "NA RC"]
[PlyCount "85"]
[EventDate "2024.10.03"]
[EventType "team-swiss"]
[EventRounds "7"]
[EventCountry "GER"]
[SourceTitle "playchess.com"]
[Source "ChessBase"]
[SourceQuality "1"]
[TimeControl "40/5400+30:1800+30"]

1. d4 Nf6 2. Nc3 d6 3. Bf4 g6 4. e4 Bg7 5. Nf3 Nbd7 6. Bc4 O-O 7. O-O a6 8. a3 Qe8 9. e5 dxe5 10. Nxe5 Nxe5 11. Bxe5 Bf5 12. Bb3 Qc6 13. Re1 e6 14. Rc1 Nd5 15. f3 g5 16. Nxd5 exd5 17. Bxg7 Kxg7 18. Re5 Be6 19. Rxg5+ Kh8 20. Qe1 Rae8 21. Qh4 Rg8 22. Rh5 Rg7 23. Qf6 Reg8 24. g3 Qd6 25. c3 Qb6 26. Bc2 Bf5 27. Qxb6 cxb6 28. Bxf5 Re8 29. Kf2 f6 30. Re1 Rf8 31. Re6 b5 32. g4 Kg8 33. Rh6 Rgf7 34. h3 Kh8 35. Rd6 Kg8 36. Rxd5 Kh8 37. Rh5 Kg8 38. Be6 Kg7 39. Bxf7 Rxf7 40. g5 fxg5 41. Rhxg5+ Kh8 42. Rd8+ Rf8 43. Rxf8# 1-0

[Event "DLM Youth 2024"]
[Site "Tuebingen"]
[Date "2024.10.03"]
[Round "1"]
[White "Loos, Tilda"]
[Black "Jacobasch, Ronja"]
[Result "1-0"]
[ECO "A48"]
[WhiteElo "1700"]
[BlackElo "1879"]
[Annotator "NA RC"]
[PlyCount "45"]
[EventDate "2024.10.03"]
[EventType "team-swiss"]
[EventRounds "7"]
[EventCountry "GER"]
[SourceTitle "playchess.com"]
[Source "ChessBase"]
[SourceQuality "1"]
[TimeControl "40/5400+30:1800+30"]

1. Nf3 Nf6 2. b3 g6 3. Bb2 Bg7 4. g3 O-O 5. Bg2 d5 6. d4 Nbd7 7. O-O Re8 8. c4 c5 9. cxd5 Nxd5 10. e4 N5f6 11. e5 Nd5 12. Nfd2 e6 13. Nc4 Bf8 14. Nbd2 cxd4 15. Ne4 Nc5 16. Ned6 Bxd6 17. Nxd6 Re7 18. Qxd4 Nd7 19. Ba3 Qa5 20. Nxc8 Qxa3 21. Nxe7+ Qxe7 22. Bxd5 exd5 23. Qxd5 1-0

[Event "DLM Youth 2024"]
[Site "Tuebingen"]
[Date "2024.10.03"]
[Round "1"]
[White "Tu, Tiffany"]
[Black "Dohon, Maria-Johanna"]
[Result "1/2-1/2"]
[ECO "B23"]
[WhiteElo "1675"]
[BlackElo "1717"]
[Annotator "NA RC"]
[PlyCount "148"]
[EventDate "2024.10.03"]
[EventType "team-swiss"]
[EventRounds "7"]
[EventCountry "GER"]
[SourceTitle "playchess.com"]
[Source "ChessBase"]
[SourceQuality "1"]
[TimeControl "40/5400+30:1800+30"]

1. e4 c5 2. Nc3 Nc6 3. Bb5 Nd4 4. Nf3 Nxb5 5. Nxb5 a6 6. Nc3 e6 7. d4 cxd4 8. Qxd4 d6 9. Be3 e5 10. Qd3 Nf6 11. O-O-O Qc7 12. h3 Be6 13. Kb1 Be7 14. g4 Rc8 15. g5 Nd7 16. Nd5 Bxd5 17. exd5 b5 18. h4 Qc4 19. Qxc4 Rxc4 20. Nd2 Rc8 21. Nb3 Bd8 22. f4 a5 23. fxe5 Nxe5 24. Nd4 Kd7 25. Bf4 b4 26. Bxe5 dxe5 27. Nc6 Kd6 28. Rhf1 Rf8 29. Rf5 f6 30. Nxe5 g6 31. Rf3 Kxe5 32. d6 Bb6 33. Rfd3 fxg5 34. hxg5 Ke6 35. d7 Rcd8 36. Rd6+ Ke7 37. Rxb6 Rxd7 38. Rxd7+ Kxd7 39. Kc1 Kc7 40. Ra6 Kb7 41. Rxa5 Rf4 42. Re5 Rh4 43. Kd2 Rd4+ 44. Ke3 Rh4 45. Re4 Rh3+ 46. Kf4 Rh1 47. Rxb4+ Kc6 48. Ke5 Rf1 49. Rf4 Re1+ 50. Kf6 Rd1 51. Kg7 Rd7+ 52. Rf7 Rd2 53. Kxh7 Rxc2 54. Kxg6 Rxb2 55. Rf6+ Kd7 56. Kf7 Re2 57. a4 Re7+ 58. Kg6 Re8 59. Rf7+ Ke6 60. Rf6+ Ke7 61. Kg7 Ra8 62. g6 Rxa4 63. Rf7+ Ke8 64. Kg8 Rg4 65. g7 Rg2 66. Rf5 Ke7 67. Rf7+ Ke8 68. Ra7 Rg1 69. Kh7 Rh1+ 70. Kg6 Rg1+ 71. Kf6 Rf1+ 72. Ke6 Re1+ 73. Kd6 Rd1+ 74. Kc7 Rc1+ 1/2-1/2

[Event "DLM Youth 2024"]
[Site "Tuebingen"]
[Date "2024.10.03"]
[Round "1"]
[White "Noennig, Lotte"]
[Black "Wolf, Helena"]
[Result "1-0"]
[ECO "B78"]
[WhiteElo "1658"]
[BlackElo "1545"]
[Annotator "NA RC"]
[PlyCount "71"]
[EventDate "2024.10.03"]
[EventType "team-swiss"]
[EventRounds "7"]
[EventCountry "GER"]
[SourceTitle "playchess.com"]
[Source "ChessBase"]
[SourceQuality "1"]
[TimeControl "40/5400+30:1800+30"]

1. e4 c5 2. Nf3 d6 3. d4 cxd4 4. Nxd4 Nf6 5. Nc3 g6 6. Be3 Bg7 7. f3 O-O 8. Qd2 Nc6 9. Bc4 Bd7 10. O-O-O Rc8 11. Bb3 Na5 12. Kb1 Nc4 13. Bxc4 Rxc4 14. g4 h5 15. gxh5 Nxh5 16. Qe2 Qc8 17. Qf2 a6 18. f4 e5 19. fxe5 dxe5 20. Nde2 Nf6 21. Qg2 b5 22. Rd2 b4 23. Nd5 Nxd5 24. exd5 Bf5 25. Ng3 a5 26. Nxf5 Qxf5 27. d6 Qd7 28. h4 Rc6 29. Rhd1 Rd8 30. h5 Kh7 31. hxg6+ fxg6 32. Bg5 Re8 33. Rh1+ Kg8 34. Be7 Rxe7 35. dxe7 Qe6 36. Rd8+ 1-0

[Event "DLM Youth 2024"]
[Site "Tuebingen"]
[Date "2024.10.03"]
[Round "1"]
[White "Stiehler, Mara"]
[Black "Albrecht, Sidney Jenna"]
[Result "1-0"]
[ECO "B31"]
[WhiteElo "1601"]
[BlackElo "1544"]
[Annotator "NA RC"]
[PlyCount "83"]
[EventDate "2024.10.03"]
[EventType "team-swiss"]
[EventRounds "7"]
[EventCountry "GER"]
[SourceTitle "playchess.com"]
[Source "ChessBase"]
[SourceQuality "1"]
[TimeControl "40/5400+30:1800+30"]

1. e4 c5 2. Nf3 Nc6 3. Nc3 g6 4. Bb5 Bg7 5. O-O Nf6 6. e5 Ng4 7. Bxc6 bxc6 8. Re1 O-O 9. h3 Nh6 10. d3 Nf5 11. Bf4 Ba6 12. Ne4 Qb6 13. Rb1 Nd4 14. Be3 Ne6 15. b4 Qc7 16. Bxc5 Rfe8 17. c4 Bxe5 18. Nxe5 Qxe5 19. Nd6 Qf6 20. Nxe8 Rxe8 21. Bxa7 Nf4 22. Qf3 Nh5 23. Qxf6 Nxf6 24. Bd4 Nh5 25. b5 cxb5 26. cxb5 Bb7 27. g3 e6 28. a4 Ra8 29. Ra1 d6 30. a5 e5 31. a6 Bc8 32. Be3 Nf6 33. Rec1 Nd7 34. a7 d5 35. Rxc8+ Rxc8 36. a8=Q Rxa8 37. Rxa8+ Kg7 38. Rd8 Nf6 39. b6 d4 40. Bg5 h6 41. Bxf6+ Kxf6 42. b7 1-0

[Event "DLM Youth 2024"]
[Site "Tuebingen"]
[Date "2024.10.03"]
[Round "1"]
[White "Margaryan, Mane"]
[Black "Busch, Lara Sophie"]
[Result "1-0"]
[ECO "D35"]
[WhiteElo "1493"]
[BlackElo "1714"]
[Annotator "NA RC"]
[PlyCount "87"]
[EventDate "2024.10.03"]
[EventType "team-swiss"]
[EventRounds "7"]
[EventCountry "GER"]
[SourceTitle "playchess.com"]
[Source "ChessBase"]
[SourceQuality "1"]
[TimeControl "40/5400+30:1800+30"]

1. d4 d5 2. c4 Nf6 3. Nc3 e6 4. Bg5 Be7 5. cxd5 exd5 6. Nf3 Bf5 7. e3 c6 8. Bd3 Bxd3 9. Qxd3 Nbd7 10. O-O-O b5 11. h4 a5 12. Bxf6 Bxf6 13. g4 a4 14. e4 b4 15. Ne2 dxe4 16. Qxe4+ Be7 17. Kb1 Rc8 18. g5 O-O 19. Rdg1 Re8 20. Qg4 Nf8 21. h5 Qd7 22. Qg2 Qf5+ 23. Ka1 Bd6 24. Ng3 Qc2 25. Rc1 Qd3 26. Rhd1 Qb5 27. g6 fxg6 28. hxg6 Nxg6 29. Qh3 b3 30. Nf5 Bf8 31. Rh1 h6 32. Rcg1 Kf7 33. Qh5 Re6 34. Ne5+ Ke8 35. Rxg6 Kd8 36. Rxe6 Rb8 37. Qe8+ Kc7 38. Qd7+ Kb6 39. Qxc6+ Ka5 40. Qxb5+ Rxb5 41. Nc6+ Kb6 42. Ne5+ Ka5 43. a3 Rb7 44. Nc4+ 1-0

[Event "DLM Youth 2024"]
[Site "Tuebingen"]
[Date "2024.10.03"]
[Round "1"]
[White "Didas, Emma"]
[Black "Baklan, Kira"]
[Result "1-0"]
[ECO "C01"]
[WhiteElo "1078"]
[BlackElo "1550"]
[Annotator "NA RC"]
[PlyCount "151"]
[EventDate "2024.10.03"]
[EventType "team-swiss"]
[EventRounds "7"]
[EventCountry "GER"]
[SourceTitle "playchess.com"]
[Source "ChessBase"]
[SourceQuality "1"]
[TimeControl "40/5400+30:1800+30"]

1. e4 e6 2. d4 d5 3. exd5 exd5 4. Bd3 Bd6 5. Ne2 Nf6 6. O-O h6 7. Re1 O-O 8. Bf4 Bg4 9. f3 Be6 10. Nd2 Nc6 11. c3 Ne7 12. Nf1 Nh5 13. Bxd6 Qxd6 14. Nfg3 Nf6 15. Qc2 b6 16. Nf5 Nxf5 17. Bxf5 c5 18. Bxe6 fxe6 19. b3 Rac8 20. Qd2 Nh5 21. dxc5 bxc5 22. c4 Rcd8 23. cxd5 exd5 24. Rad1 Nf4 25. Nc3 Rf6 26. g3 Nh3+ 27. Kg2 Ng5 28. f4 Nf7 29. Qxd5 Qb6 30. Qe4 Rxd1 31. Rxd1 Re6 32. Qd3 Qc6+ 33. Kg1 Qe8 34. Kf2 g5 35. Nd5 Qc6 36. Re1 Rxe1 37. Kxe1 Qe6+ 38. Kf2 Nd6 39. Nc7 Qf6 40. Qd5+ Nf7 41. Kf3 Qc3+ 42. Ke2 Qc2+ 43. Qd2 Qe4+ 44. Kf2 Qh1 45. Ke3 gxf4+ 46. gxf4 Qg1+ 47. Kd3 Qg4 48. Kc4 Qc8 49. Qg2+ Kh7 50. Qe4+ Kg7 51. Ne6+ Kh8 52. Qg6 Qg8 53. Qxg8+ Kxg8 54. Nxc5 Kg7 55. a4 Nd6+ 56. Kd5 Nf5 57. b4 Ne3+ 58. Kc6 Nf1 59. h3 h5 60. b5 h4 61. a5 Nh2 62. b6 axb6 63. axb6 Nf3 64. b7 Nd4+ 65. Kb6 Nf5 66. b8=Q Ne7 67. Qc7 Kf8 68. Qd8+ Kf7 69. Ne4 Nf5 70. Qd5+ Kg6 71. Qe6+ Kh5 72. Qxf5+ Kh6 73. Qf6+ Kh7 74. Ng5+ Kg8 75. Qf7+ Kh8 76. Qh7# 1-0

[Event "DLM Youth 2024"]
[Site "Tuebingen"]
[Date "2024.10.03"]
[Round "2"]
[White "Ermitsch, Magnus"]
[Black "Pubantz, Jan"]
[Result "1-0"]
[ECO "B11"]
[WhiteElo "2396"]
[BlackElo "2318"]
[Annotator "RC"]
[PlyCount "131"]
[EventDate "2024.10.03"]
[EventType "team-swiss"]
[EventRounds "7"]
[EventCountry "GER"]
[SourceTitle "playchess.com"]
[Source "ChessBase"]
[SourceQuality "1"]
[TimeControl "40/5400+30:1800+30"]

1. e4 c6 2. Nf3 d5 3. Nc3 dxe4 4. Nxe4 Nf6 5. Qe2 Nxe4 6. Qxe4 Nd7 7. Bc4 Nf6 8. Ne5 e6 9. Qe2 b5 10. Bb3 Qc7 11. d4 Bd6 12. a4 O-O 13. axb5 cxb5 14. Qxb5 a5 15. Qc6 Qxc6 16. Nxc6 Bb7 17. Ne5 Bxg2 18. Rg1 Be4 19. Bh6 Bg6 20. Nxg6 hxg6 21. Be3 Bxh2 22. Rg5 Bc7 23. Rc5 Rfc8 24. Ra4 Nd7 25. Rb5 Rab8 26. Rxb8 Rxb8 27. Bd2 Rb5 28. Rc4 Rb7 29. Ra4 Rb5 30. Bc3 Kf8 31. Bc4 Rb8 32. Be2 e5 33. d5 Ke7 34. b3 Ra8 35. Bf3 Kd6 36. Bb4+ axb4 37. Rxa8 f5 38. Rg8 e4 39. Be2 Ne5 40. Rxg7 f4 41. Bc4 g5 42. Rg8 g4 43. Kf1 f3 44. Rf8 Kc5 45. Ba6 Kd4 46. Rg8 Bd6 47. Bc8 Kc3 48. Bxg4 Nxg4 49. Rxg4 Kd4 50. Rg8 Kxd5 51. Rd8 Kc5 52. Rc8+ Kd5 53. c3 bxc3 54. Rxc3 Bb4 55. Rc8 Ba5 56. Ra8 Bb6 57. Rb8 Bc5 58. Rb5 Kc6 59. Rxc5+ Kxc5 60. Ke1 Kb4 61. Kd2 Kxb3 62. Ke3 Kc4 63. Kxe4 Kc5 64. Kxf3 Kd6 65. Kf4 Ke6 66. Kg5 1-0

[Event "DLM Youth 2024"]
[Site "Tuebingen"]
[Date "2024.10.03"]
[Round "2"]
[White "Chassard, Cedric"]
[Black "Haack, Kevin"]
[Result "0-1"]
[ECO "C02"]
[WhiteElo "2289"]
[BlackElo "2305"]
[Annotator "RC"]
[PlyCount "72"]
[EventDate "2024.10.03"]
[EventType "team-swiss"]
[EventRounds "7"]
[EventCountry "GER"]
[SourceTitle "playchess.com"]
[Source "ChessBase"]
[SourceQuality "1"]
[TimeControl "40/5400+30:1800+30"]

1. e4 e6 2. d4 d5 3. e5 c5 4. c3 Nc6 5. Nf3 Bd7 6. Be2 f6 7. O-O fxe5 8. Nxe5 Nxe5 9. dxe5 Qc7 10. Re1 O-O-O 11. Bf1 Ne7 12. Bf4 Nf5 13. c4 dxc4 14. Bxc4 Be7 15. Nc3 Kb8 16. Qc1 g5 17. Be3 h5 18. Bd3 Bc6 19. Be4 Bxe4 20. Nxe4 Nxe3 21. Qxe3 Qxe5 22. Rac1 Rhf8 23. Qb3 Qf5 24. Qg3+ Ka8 25. Qc7 Qf7 26. Rc3 Rc8 27. Qa5 Rc6 28. Rd1 Qe8 29. Rcd3 a6 30. Rd7 Ka7 31. Nc3 Bf6 32. Nb5+ Kb8 33. Nc7 Qc8 34. Nxe6 Rxe6 35. Qa4 Bd4 36. Kh1 b5 0-1

[Event "DLM Youth 2024"]
[Site "Tuebingen"]
[Date "2024.10.03"]
[Round "2"]
[White "Bornholdt, Joa Max"]
[Black "Sauer, Tim"]
[Result "1-0"]
[ECO "E07"]
[WhiteElo "2268"]
[BlackElo "2081"]
[Annotator "RC"]
[PlyCount "63"]
[EventDate "2024.10.03"]
[EventType "team-swiss"]
[EventRounds "7"]
[EventCountry "GER"]
[SourceTitle "playchess.com"]
[Source "ChessBase"]
[SourceQuality "1"]
[TimeControl "40/5400+30:1800+30"]

1. d4 d5 2. Nf3 Nf6 3. g3 e6 4. Bg2 Be7 5. O-O c6 6. b3 Nbd7 7. Bb2 b6 8. c4 Bb7 9. Nc3 O-O 10. Rc1 Bd6 11. Re1 Qe7 12. e4 dxe4 13. Ng5 Rfd8 14. Qc2 Ba3 15. Bxa3 Qxa3 16. Ngxe4 Rab8 17. c5 Nd5 18. Qb1 Qb4 19. Ng5 N7f6 20. Nxd5 exd5 21. Re7 Qxd4 22. Rxf7 Qd2 23. h4 h6 24. Rd1 Qe2 25. Bf3 Qxf3 26. Rxg7+ Kxg7 27. Nxf3 bxc5 28. Ne5 Ne4 29. Qb2 Kh7 30. f3 Nxg3 31. Qc2+ Kh8 32. Qg6 1-0

[Event "DLM Youth 2024"]
[Site "Tuebingen"]
[Date "2024.10.03"]
[Round "2"]
[White "Sydykov, Bayastan"]
[Black "Windmueller, Simon"]
[Result "1-0"]
[ECO "B51"]
[WhiteElo "2268"]
[BlackElo "2052"]
[Annotator "RC"]
[PlyCount "71"]
[EventDate "2024.10.03"]
[EventType "team-swiss"]
[EventRounds "7"]
[EventCountry "GER"]
[SourceTitle "playchess.com"]
[Source "ChessBase"]
[SourceQuality "1"]
[TimeControl "40/5400+30:1800+30"]

1. e4 c5 2. Nf3 d6 3. Bb5+ Nd7 4. O-O a6 5. Bd3 Ngf6 6. a4 e6 7. Re1 b6 8. c3 Bb7 9. Bc2 c4 10. Na3 Qc7 11. Qe2 Rc8 12. d3 cxd3 13. Bxd3 Nc5 14. Nd2 Nxd3 15. Qxd3 Be7 16. Nc2 Nd7 17. Nd4 Bf6 18. N2f3 h6 19. Bd2 O-O 20. Qc2 Rfd8 21. Ne2 Qc4 22. Ng3 Nc5 23. Be3 b5 24. axb5 axb5 25. Nd2 Qd3 26. Qd1 Ra8 27. Rxa8 Rxa8 28. h3 Ra2 29. Qg4 Rxb2 30. Nh5 Qxc3 31. Bxh6 Be5 32. Bxg7 Bxg7 33. e5 Kf8 34. Qxg7+ Ke8 35. Nf6+ Kd8 36. exd6 1-0

[Event "DLM Youth 2024"]
[Site "Tuebingen"]
[Date "2024.10.03"]
[Round "2"]
[White "Nechitaylo, Nikita"]
[Black "Farokhi, Keyvan"]
[Result "1/2-1/2"]
[ECO "E51"]
[WhiteElo "2252"]
[BlackElo "2306"]
[Annotator "RC"]
[PlyCount "108"]
[EventDate "2024.10.03"]
[EventType "team-swiss"]
[EventRounds "7"]
[EventCountry "GER"]
[SourceTitle "playchess.com"]
[Source "ChessBase"]
[SourceQuality "1"]
[TimeControl "40/5400+30:1800+30"]

1. d4 Nf6 2. c4 e6 3. Nc3 Bb4 4. e3 O-O 5. Bd2 d5 6. Nf3 b6 7. cxd5 exd5 8. Bd3 Bd6 9. Ne5 c5 10. O-O Ba6 11. Be1 Bxd3 12. Qxd3 c4 13. Qf5 Qc8 14. Qxc8 Rxc8 15. f3 Bb4 16. Bh4 Bxc3 17. bxc3 Nbd7 18. Nxd7 Nxd7 19. e4 Re8 20. exd5 Re3 21. Rfe1 Rae8 22. Rxe3 Rxe3 23. Kf2 Re8 24. Rb1 f6 25. Bg3 Kf7 26. Bd6 Rc8 27. a4 f5 28. Be5 a6 29. g4 fxg4 30. fxg4 g6 31. Kg3 Re8 32. Rf1+ Kg8 33. Re1 b5 34. axb5 axb5 35. Rb1 Nxe5 36. Re1 Rd8 37. Rxe5 Kf7 38. d6 b4 39. Re7+ Kf6 40. cxb4 Rxd6 41. Rxh7 Rxd4 42. h4 c3 43. Rc7 Rxb4 44. g5+ Ke6 45. Rxc3 Kf7 46. Rf3+ Kg7 47. Rf4 Rb6 48. Rd4 Rb5 49. Kf4 Ra5 50. Ke4 Rb5 51. Rd5 Rb4+ 52. Ke5 Rxh4 53. Rd7+ Kg8 54. Kf6 Ra4 1/2-1/2

[Event "DLM Youth 2024"]
[Site "Tuebingen"]
[Date "2024.10.03"]
[Round "2"]
[White "Heinrich, John"]
[Black "Gallasch, Jonas"]
[Result "1/2-1/2"]
[ECO "D74"]
[WhiteElo "2237"]
[BlackElo "2291"]
[Annotator "RC"]
[PlyCount "83"]
[EventDate "2024.10.03"]
[EventType "team-swiss"]
[EventRounds "7"]
[EventCountry "GER"]
[SourceTitle "playchess.com"]
[Source "ChessBase"]
[SourceQuality "1"]
[TimeControl "40/5400+30:1800+30"]

1. c4 Nf6 2. Nf3 g6 3. d4 Bg7 4. g3 O-O 5. Bg2 Nc6 6. O-O d5 7. cxd5 Nxd5 8. e4 Nb6 9. d5 Na5 10. Qe1 Nac4 11. Nc3 e6 12. Bg5 f6 13. Bc1 exd5 14. exd5 Nxd5 15. Nd4 Nxc3 16. Qxc3 Ne5 17. b4 Re8 18. Bb2 c6 19. Rfe1 Bd7 20. f4 Nf7 21. Nb3 Qc7 22. Nc5 Nd6 23. h3 Rxe1+ 24. Rxe1 Re8 25. Rd1 Bc8 26. a4 a6 27. Kh2 h5 28. Qd3 Nf5 29. Ne4 h4 30. Bc1 hxg3+ 31. Nxg3 Nxg3 32. Qxg6 Qf7 33. Qxg3 Bf5 34. Bb2 Qf8 35. Bf1 b5 36. Rd2 Qxb4 37. Rg2 Qf8 38. Bd3 Be4 39. Bxe4 Rxe4 40. Qc3 Rxf4 41. Qxc6 Qb8 42. Qd5+ 1/2-1/2

[Event "DLM Youth 2024"]
[Site "Tuebingen"]
[Date "2024.10.03"]
[Round "2"]
[White "Kocharin, Timur"]
[Black "Semling, Julius"]
[Result "1-0"]
[ECO "E04"]
[WhiteElo "2234"]
[BlackElo "2233"]
[Annotator "RC"]
[PlyCount "65"]
[EventDate "2024.10.03"]
[EventType "team-swiss"]
[EventRounds "7"]
[EventCountry "GER"]
[SourceTitle "playchess.com"]
[Source "ChessBase"]
[SourceQuality "1"]
[TimeControl "40/5400+30:1800+30"]

1. d4 d5 2. c4 e6 3. Nf3 Nf6 4. g3 dxc4 5. Bg2 c6 6. Ne5 Bb4+ 7. Bd2 Be7 8. e3 b5 9. Nxc6 Nxc6 10. Bxc6+ Bd7 11. Bxa8 Qxa8 12. f3 e5 13. dxe5 Ng4 14. O-O Nxe5 15. Bc3 Nd3 16. Qe2 O-O 17. Bd4 Bh3 18. Rd1 h5 19. a4 h4 20. axb5 Qd5 21. Nc3 Qf5 22. Ne4 Qg6 23. Rxa7 Re8 24. Ra6 Qh5 25. g4 Qxb5 26. Rb6 Qa5 27. Nf2 Bc5 28. b4 Bxb4 29. Rxb4 Nxb4 30. Nxh3 Nc6 31. Qxc4 Ne5 32. Bxe5 Qxe5 33. e4 1-0

[Event "DLM Youth 2024"]
[Site "Tuebingen"]
[Date "2024.10.03"]
[Round "2"]
[White "Mohylnyi, Stepan"]
[Black "Karle, Sam"]
[Result "1-0"]
[ECO "C45"]
[WhiteElo "2160"]
[BlackElo "2124"]
[Annotator "RC"]
[PlyCount "89"]
[EventDate "2024.10.03"]
[EventType "team-swiss"]
[EventRounds "7"]
[EventCountry "GER"]
[SourceTitle "playchess.com"]
[Source "ChessBase"]
[SourceQuality "1"]
[TimeControl "40/5400+30:1800+30"]

1. e4 e5 2. Nf3 Nc6 3. d4 exd4 4. Nxd4 Nf6 5. Nxc6 bxc6 6. e5 Qe7 7. Qe2 Nd5 8. c4 Nb6 9. Nc3 a5 10. Qe4 Qe6 11. Be3 Bb4 12. Bxb6 cxb6 13. Bd3 d5 14. exd6 Bxd6 15. O-O-O Qxe4 16. Bxe4 Bf4+ 17. Kc2 Bd7 18. c5 Bc7 19. Nb5 cxb5 20. Bxa8 Bf5+ 21. Kb3 O-O 22. Bc6 Be6+ 23. Bd5 bxc5 24. Bxe6 fxe6 25. f3 Rf4 26. Rhe1 Rc4 27. a3 Bxh2 28. Rxe6 a4+ 29. Ka2 Rc2 30. Re7 h6 31. g4 b4 32. axb4 cxb4 33. Re4 a3 34. Rxb4 Rxb2+ 35. Rxb2 axb2 36. Kxb2 Be5+ 37. Kc2 Kf7 38. Kd3 Kg6 39. Ke4 Bb2 40. f4 Bc3 41. Rd6+ Kh7 42. Kf5 Bb2 43. Rd7 Bc3 44. g5 hxg5 45. fxg5 1-0

[Event "DLM Youth 2024"]
[Site "Tuebingen"]
[Date "2024.10.03"]
[Round "2"]
[White "Nunez Gregoire, Daniel"]
[Black "Shen, Tingrui"]
[Result "*"]
[ECO "D36"]
[WhiteElo "2154"]
[BlackElo "2102"]
[Annotator "RC"]
[PlyCount "72"]
[EventDate "2024.10.03"]
[EventType "team-swiss"]
[EventRounds "7"]
[EventCountry "GER"]
[SourceTitle "playchess.com"]
[Source "ChessBase"]
[SourceQuality "1"]
[TimeControl "40/5400+30:1800+30"]

1. d4 d5 2. c4 e6 3. Nc3 Nf6 4. cxd5 exd5 5. Bg5 Be7 6. e3 O-O 7. Bd3 c6 8. Qc2 Nbd7 9. Nf3 Re8 10. O-O a5 11. Ne5 h6 12. Nxd7 Bxd7 13. Bxf6 Bxf6 14. Na4 Be7 15. Rac1 Bd6 16. Bh7+ Kh8 17. Bf5 Bxf5 18. Qxf5 Qc7 19. g3 Re7 20. Rc2 Rae8 21. Rfc1 Kg8 22. Nc5 Qb6 23. Qd3 Bxc5 24. dxc5 Qc7 25. Qc3 Re4 26. Rd1 Rc4 27. Qd3 Ree4 28. Rdc1 Rb4 29. a3 Rb5 30. f3 Re7 31. b3 Qe5 32. Rc3 Qf6 33. Kg2 b6 34. cxb6 Rxb6 35. Kf2 Reb7 36. R1c2 g6 *